 Dungeon Crawl Stone Soup version 0.23.2-11-gf996548c65 (webtiles) character file.

Game seed: 13793486783365669860

50 2BsUSBport the Insei (level 4, -4/32 HPs)
             Began as a Human Transmuter on June 3, 2019.
             Slain by an orc
             ... wielding a +0 trident
              (6 damage)
             ... on level 3 of the Dungeon.
             The game lasted 00:06:14 (2140 turns).

2BsUSBport the Insei (Human Transmuter)             Turns: 2140, Time: 00:06:14

Health: -4/32      AC:  2    Str: 11    XL:     4   Next: 4%
Magic:  7/7        EV: 12    Int: 13    God:
Gold:   58         SH:  0    Dex: 14    Spells: 1/7 levels left

rFire    . . .     SeeInvis .     - Unarmed
rCold    . . .     Gourm    .   (no shield)
rNeg     . . .     Faith    .   b - +0 robe
rPois    .         Spirit   .   (no helmet)
rElec    .         Reflect  .   (no cloak)
rCorr    .         Harm     .   (no gloves)
MR       .....                  (boots currently unavailable)
Stlth    +.........             (no amulet)
HPRegen  0.10/turn              (no ring)
MPRegen  0.10/turn              (no ring)

@: lethally poisoned (-4 -> -9), appendage
A: talons 3
a: End Transformation


You were on level 3 of the Dungeon.
You were not hungry.
You had grown temporary talons.
You visited 1 branch of the dungeon, and saw 3 of its levels.

You collected 58 gold pieces.

Inventory:

Missiles
 a - 85 arrows
Armour
 b - a +0 robe (worn)
Jewellery
 d - a cursed ring of teleportation {unknown}
Scrolls
 c - a scroll of magic mapping {unknown}
 f - 2 scrolls of identify
 i - a scroll of immolation {unknown}
 k - a scroll of teleportation
Potions
 e - a potion of haste
 h - a potion of flight


   Skills:
 + Level 1.2 Fighting
 + Level 2.1 Dodging
 + Level 3.7 Unarmed Combat
 + Level 2.3 Spellcasting
 + Level 2.6 Transmutations


You had one spell level left.
You knew the following spells:

 Your Spells              Type           Power        Failure   Level  Hunger
a - Beastly Appendage     Tmut           #.....       9%          1    #......
b - Sticks to Snakes      Tmut           #.......     13%         2    ###....
c - Spider Form           Tmut/Pois      #.........   41%         3    ###....

Your spell library contained the following spells:

 Spells                   Type           Power        Failure   Level  Hunger
 Ice Form                 Ice/Tmut       #.......     82%         4    #####..
 Blade Hands              Tmut           #.........   93%         5    ######.


Dungeon Overview and Level Annotations

Branches:
Dungeon (3/15)

Altars:


Innate Abilities, Weirdness & Mutations

You have claws for feet.


Message History

The orc barely misses you.
You hit the orc.
The orc is heavily wounded.
The adder bites you.
* * * LOW HITPOINT WARNING * * *
The orc misses you.
You completely miss the orc. You claw the orc.
You kill the orc!
The adder bites you.
* * * LOW HITPOINT WARNING * * *
You are lethally poisoned!
The adder poisons you!
The orc throws a tomahawk.
The tomahawk hits you but does no damage.
The adder bites you.
* * * LOW HITPOINT WARNING * * *
It was a potion of magic.
Magic courses through your body.
* * * LOW HITPOINT WARNING * * *
You feel sick.
The orc hits you from afar with a +0 trident.
You die...

#.#.. #.......#.#
#.#.. #.......#.#
#.#.. #.......#.#
#.#.. #.......#.#
#.#.#
#.$.....#.####.#.#
#.......#.#......#
#)So....#.##.#.###
#@#+#####.##......
#>..o.............
###.#####.........
#.....'.........
#######.........
#........≈
#........≈
#.........
#.........


You could see an adder and 2 orcs.

Vanquished Creatures
  An adder (D:2)
  A worm (D:2)
  A leopard gecko (D:2)
  3 orcs (D:3)
  A ball python (D:2)
  A giant cockroach (D:1)
  3 hobgoblins
  7 bats
  A frilled lizard (D:2)
  A goblin (D:2)
  3 kobolds
  2 rats
25 creatures vanquished.

Vanquished Creatures (collateral kills)
  An adder (D:2)
  A dart slug (D:2)
  A leopard gecko (D:2)
  A giant cockroach (D:2)
  A hobgoblin (D:2)
5 creatures vanquished.

Grand Total: 30 creatures vanquished

Notes
Turn   | Place    | Note
-------+----------+-------------------------------------------
     0 | D:1      | 2BsUSBport the Human Transmuter began the quest for the
                  | Orb.
     0 | D:1      | Reached XP level 1. HP: 15/15 MP: 3/3
   479 | D:1      | Reached XP level 2. HP: 14/21 MP: 3/5
   665 | D:1      | Learned a level 2 spell: Sticks to Snakes
  1143 | D:2      | HP: 1/21 [adder (4)]
  1144 | D:2      | Reached XP level 3. HP: 2/26 MP: 3/6
  1765 | D:2      | Learned a level 3 spell: Spider Form
  2096 | D:3      | Found a faded altar of an unknown god.
  2134 | D:3      | Reached XP level 4. HP: 22/32 MP: 5/7
  2140 | D:3      | Slain by an orc

Action                   |  1- 3 |  4- 6 || total
-------------------------+-------+-------++-------
Melee: Unarmed           |    79 |     4 ||    83
       Headbutt          |     3 |       ||     3
       Kick              |     2 |     1 ||     3
 Cast: Beastly Appendage |    13 |     1 ||    14
       Sticks to Snakes  |     7 |       ||     7
       Spider Form       |     1 |       ||     1
  Use: Potion            |     5 |     1 ||     6
       Scroll            |     4 |       ||     4
 Stab: Sleeping          |     1 |       ||     1
  Eat: Ration            |     2 |       ||     2
Armor: Robe              |    27 |     2 ||    29
Dodge: Dodged            |    68 |     8 ||    76
